 Dungeon Crawl Stone Soup version 0.26.0-45-g9c1d065592 (webtiles) character file.

Game seed: 4259292560070197423

11 trckry the Vandal (level 2, 0/24 HPs)
             Began as a Ghoul Hunter on Jan 29, 2021.
             Slain by a jackal (1 damage)
             ... on level 1 of the Dungeon.
             The game lasted 00:01:18 (614 turns).

trckry the Vandal (Ghoul Hunter)                     Turns: 614, Time: 00:01:19

Health: 0/24       AC:  3    Str: 15    XL:     2   Next: 29%
Magic:  1/1        EV: 11    Int:  6    God:
Gold:   22         SH:  0    Dex:  9    Spells: 1/1 levels left

rFire    . . .     SeeInvis .   b - +0 short sword
rCold    + . .     Faith    .   (no shield)
rNeg     + + +     Spirit   .   c - +0 leather armour
rPois    ∞         Reflect  .   (no helmet)
rElec    .         Harm     .   (no cloak)
rCorr    .         Rampage  .   (no gloves)
Will     .....                  (no boots)
Stlth    +.........             (no amulet)
HPRegen  0.00/turn              (no ring)
MPRegen  0.07/turn              (no ring)

@: no status effects
A: claws 1, cold resistance 1, negative energy resistance 3, inhibited
regeneration, torment resistance, unbreathing
a: no special abilities


You were on level 1 of the Dungeon.
You visited 1 branch of the dungeon, and saw 1 of its levels.

You collected 22 gold pieces.

Inventory:

Hand Weapons
 a - a +1 hunting sling
 b - a +0 short sword (weapon)
Missiles
 d - 20 sling bullets
 f - a stone (quivered)
Armour
 c - a +0 leather armour (worn)
Scrolls
 e - 2 scrolls of immolation {unknown}
 g - a scroll of identify {unknown}


   Skills:
 + Level 2.3 Fighting
 * Level 0.4 Maces & Flails
 * Level 3.7 Slings
 + Level 0.2 Armour
 + Level 1.8 Dodging
 - Level 1.1 Stealth
 + Level 0.3 Shields
 + Level 0.3 Invocations
 + Level 0.3 Evocations


You had one spell level left.
You didn't know any spells.
Your spell library was empty.

Dungeon Overview and Level Annotations

Branches:
Dungeon (1/15)

Altars:


Innate Abilities, Weirdness & Mutations

You thrive by killing the living.
You are immune to poison.
You have sharp fingernails.
Your flesh is cold resistant. (rC+)
You are immune to negative energy. (rN+++)
You do not regenerate when monsters are visible.
You are immune to unholy pain and torment.
You can survive without breathing.


Message History

* * * LOW HITPOINT WARNING * * *
The giant cockroach bites you.
* * * LOW HITPOINT WARNING * * *
The giant cockroach misses you. The jackal barely misses you.
The giant cockroach closely misses you.
You barely miss the giant cockroach.
The giant cockroach is almost dead.
The giant cockroach bites you.
* * * LOW HITPOINT WARNING * * *
The jackal closely misses you.
The giant cockroach closely misses you. x2
You hit the giant cockroach.
You kill the giant cockroach!
The jackal bites you.
* * * LOW HITPOINT WARNING * * *
The giant cockroach barely misses you. The jackal barely misses you.
You hit the jackal.
The jackal is heavily wounded.
The giant cockroach bites you but does no damage.
The jackal bites you.
You die...

##.##.#
#....##Br...
.##.#.#
#####....†.$....
#.#.#.+
#.........##....
>##.#.#
#.[.......# .#.
##.##.#
#.........# #
..###.#
#.........# ###
#.# #.........#
##'##
####.........# #
#...#
#.@hr........#
## #.<.#
#B##.........#
.###...#
#b...........#
#.###'##
#.##.........##
##.##.# #.
#...........+
###.#.# ##
#......#....#
.##.#.#
#.............
#.#.#.#
#.#.####.....#
#.#.'.# #.#.#
.....


You could see a jackal, a giant cockroach, a bat and a rat.

Vanquished Creatures
  A dart slug (D:1)
  A giant cockroach (D:1)
  A hobgoblin (D:1)
  3 jackals (D:1)
  A ball python (D:1)
  A kobold (D:1)
  A rat (D:1)
9 creatures vanquished.

Notes
Turn   | Place    | Note
-------+----------+-------------------------------------------
     0 | D:1      | trckry the Ghoul Hunter began the quest for the Orb.
     0 | D:1      | Reached XP level 1. HP: 17/17 MP: 0/0
   582 | D:1      | Reached XP level 2. HP: 14/24 MP: 1/1
   601 | D:1      | HP: 2/24 [jackal (3)]
   611 | D:1      | HP: 3/24 [giant cockroach (2)]
   613 | D:1      | HP: 1/24 [jackal (1)]
   614 | D:1      | Slain by a jackal

Illustrated notes

Levels and vault maps discovered:
D:1:      roderic_lyre, layout_basic, minmay_misc_feat_doors

Action                   || total
-------------------------++-------
Melee: Short sword       ||    45
  Use: Potion            ||     1
Armor: Leather armour    ||    27
Dodge: Dodged            ||    65
